 Dungeon Crawl Stone Soup version 0.17.0-28-g6e173f8 (webtiles) character file.

73 Ijustatesigmund the Firebug (level 4, -5/33 HPs)
             Began as a Draconian Fire Elementalist on Nov 24, 2015.
             Slain by Crazy Yiuf
             ... wielding a +3 quarterstaff of chaos
              (7 damage)
             ... on level 2 of the Dungeon.
             The game lasted 00:08:21 (2309 turns).

Ijustatesigmund the Firebug (DrFE)                  Turns: 2309, Time: 00:08:22

Health: -5/33      AC:  5    Str: 10    XL:     4   Next: 8%
Magic:  1/7        EV: 12    Int: 17    God:
Gold:   103        SH:  0    Dex: 11    Spells: 3 memorised, 1 level left

rFire  . . .     SeeInvis .     g - +1 mace
rCold  . . .     Clarity  .     (armour unavailable)
rNeg   . . .     SustAt   .     (no shield)
rPois  .         Gourm    .     (helmet restricted)
rElec  .         Spirit   .     (no cloak)
rCorr  .         Warding  .     (no gloves)
rMut   .         Stasis   .     (no boots)
MR     .....                    (no amulet)
Stlth  ++........               (no ring)
                                (no ring)

@: very slightly contaminated, not resistant to hostile enchantments, unstealthy
A: unfitting armour, cold-blooded, AC +5
a: no special abilities


You were on level 2 of the Dungeon.
You were hungry.

You visited 1 branch of the dungeon, and saw 2 of its levels.

You collected 103 gold pieces.

Inventory:

Hand Weapons
 g - a +1 mace (weapon)
Armour
 f - a +2 large shield
Scrolls
 d - a scroll of remove curse
Potions
 c - a potion of agility {unknown}
 e - 2 potions of curing
 h - a potion of lignification
 i - a potion of might
 j - a potion of invisibility {unknown}
Books
 a - a book of Flames

   Spells                             Type                      Level
   a - Flame Tongue                   Conjuration/Fire             1
   b - Throw Flame                    Conjuration/Fire             2
   c - Conjure Flame                  Conjuration/Fire             3
   d - Inner Flame                    Hexes/Fire                   3
   e - Sticky Flame                   Conjuration/Fire             4
   f - Fireball                       Conjuration/Fire             5
Comestibles
 b - a bread ration


   Skills:
 + Level 0.2 Fighting
 + Level 0.4 Maces & Flails
 - Level 1.7 Dodging
 - Level 1.7 Stealth
 - Level 2.0 Spellcasting
 - Level 3.1 Conjurations
 - Level 3.7 Fire Magic


You had one spell level left.
You knew the following spells:

 Your Spells              Type           Power        Failure   Level  Hunger
a - Flame Tongue          Conj/Fire      ##...        6%          1    #......
b - Throw Flame           Conj/Fire      ##....       10%         2    ###....
c - Conjure Flame         Conj/Fire      ##......     17%         3    ###....


Dungeon Overview and Level Annotations

Branches:
Dungeon (2/15)

Altars:

Annotations:
D:2 Crazy Yiuf, Ijyb


Innate Abilities, Weirdness & Mutations

Your plain brown scales are hard (AC +5).
Your body does not fit into most forms of armour.
You are cold-blooded and may be slowed by cold attacks.


Message History

The flame tongue hits Crazy Yiuf.
Crazy Yiuf is severely wounded.
Crazy Yiuf yells, "Proton tortoise sanguine!"
Crazy Yiuf hits you with a quarterstaff of chaos!
Crazy Yiuf burns you.
Crazy Yiuf hits you with a quarterstaff of chaos!
* * * LOW HITPOINT WARNING * * *
Crazy Yiuf freezes you.
* * * LOW HITPOINT WARNING * * *
Casting: Flame Tongue
Confirm with . or Enter, or press ? or * to list all spells.
Aiming: Throw Flame
Press: ? - help, Shift-Dir - straight line, f/p - Crazy Yiuf
Aim: Crazy Yiuf, wielding a quarterstaff of chaos and wearing a cloak (severely wounded)
You miscast Throw Flame.
You are very lightly contaminated with residual magic.
The air around you burns with energy!
You feel yourself speed up.
Crazy Yiuf hits you with a quarterstaff of chaos!
You die...

#.....#<#.##.#
#.#.#
#.....###.##.#
#.#.# #....##
#.##.###.#.#
##..##
#.##...#(#.#
#P.P.#
#.##...#'#'#
##.P.#
..##........
##.##
#####........
##.#
#.....##.....
#@##
########.....
#g# #..... .##
#####. #. #.
.. #. #.. #.
#). #. ### #.
#.


You could see Crazy Yiuf.

Vanquished Creatures
  2 adders (D:2)
  An ooze (D:2)
  2 worms (D:2)
  2 giant geckos
  7 bats
  2 giant cockroaches (D:1)
  4 hobgoblins
  5 kobolds
  A quokka (D:2)
  A ball python (D:1)
  4 giant newts
  7 goblins
  5 jackals (D:1)
  6 rats (D:1)
49 creatures vanquished.

Notes
Turn   | Place    | Note
--------------------------------------------------------------
     0 | D:1      | Ijustatesigmund the Draconian Fire Elementalist began the quest for the Orb.
     0 | D:1      | Reached XP level 1. HP: 14/14 MP: 3/3
   545 | D:1      | Reached XP level 2. HP: 20/20 MP: 1/5
  1149 | D:1      | Reached XP level 3. HP: 26/26 MP: 4/6
  1191 | D:1      | Learned a level 2 spell: Throw Flame
  1195 | D:1      | Learned a level 3 spell: Conjure Flame
  1806 | D:2      | Noticed Ijyb
  2202 | D:2      | Reached XP level 4. HP: 33/33 MP: 3/7
  2302 | D:2      | Noticed Crazy Yiuf
  2309 | D:2      | Slain by Crazy Yiuf

Action                   |  1- 3 |  4- 6 || total
-------------------------+-------+-------++-------
Melee: Unarmed           |    10 |       ||    10
       Mace              |    17 |       ||    17
 Cast: Flame Tongue      |    71 |    10 ||    81
  Use: Scroll            |     8 |       ||     8
  Eat: Chunk             |     5 |       ||     5
